AoeStats
← MokaPotShot

Arabia

509317283Analyzed
1v1 RM · 6d ago on Sep 26, 2026· 44m 0s· 2 players
Game mode
Random Map
Map size
Tiny (2 player)
Population
200
Speed
Normal
Resources
Standard
Victory
Conquest
Starting age
Dark Age
Ending age
Imperial Age
RankedLock teamsTeams togetherTeam positionsShared explorationLock speedFull tech treeHidden civsTurbo modeCheats
Victory
Defeat
🇸🇪 Maya · Sweden
955
+16
🇮🇹 Italians · Italy
953
-43
MokaPotShot
7:48 Loom
10:18 Feudal Age
17:33 Castle Age
15:52 Fletching
18:13 Bodkin Arrow
17:43 Crossbowman
18:52 Stone Mining
19:38 Elite Skirmisher
21:28 Padded Archer Armor
22:10 Double-Bit Axe
25:37 Leather Archer Armor
28:04 Ballistics
27:39 Horse Collar
30:54 Gold Mining
34:09 Bow Saw
37:54 Imperial Age
36:53 Thumb Ring
37:45 Wheelbarrow
42:02 Two-Man Saw
41:07 Heavy Plow
41:25 Hand Cart
42:37 Chemistry
43:26 Bracer
RobinCop
0:25 Loom
9:22 Feudal Age
10:49 Double-Bit Axe
15:15 Fletching
21:14 Castle Age
20:01 Horse Collar
21:19 Crossbowman
22:04 Padded Archer Armor
22:29 Bodkin Arrow
25:50 Forging
25:41 Scale Mail Armor
26:22 Bow Saw
26:34 Leather Archer Armor
27:01 Eagle Warrior
27:44 Squires
29:53 Gold Mining
29:53 Stone Mining
30:54 Iron Casting
31:49 Heavy Plow
33:14 Arson
35:01 Chain Mail Armor
39:50 Imperial Age
37:57 Wheelbarrow
40:02 Elite Eagle Warrior
41:46 Blast Furnace
41:17 Plate Mail Armor
41:31 Holcans
Connection lost

Rejoining the realm…

Still unreachable

The connection could not be restored.

Session expired

The server has moved on; the page needs a fresh start.